 Dungeon Crawl Stone Soup version 0.19-a0-1251-gd6e46da (webtiles) character file.

540 PurpleRed the Conjurer (level 7, -1/36 HPs)
             Began as a Deep Elf Conjurer on Aug 27, 2016.
             Engulfed by a cloud of steam (4 damage)
             ... on level 7 of the Dungeon.
             The game lasted 00:12:54 (1283 turns).

PurpleRed the Conjurer (Deep Elf Conjurer)          Turns: 1283, Time: 00:12:55

Health: -1/36      AC:  3    Str: 10    XL:     7   Next: 5%
Magic:  11/17      EV: 14    Int: 22    God:
Gold:   82         SH:  0    Dex: 15    Spells: 4 memorised, 5 levels left

rFire  . . .     SeeInvis .     f - +3 falchion (holy)
rCold  . . .     Gourm    .     a - +0 robe
rNeg   . . .     Faith    .     (no shield)
rPois  .         Spirit   .     g - +0 helmet
rElec  .         Dismiss  .     (no cloak)
rCorr  .         Reflect  .     (no gloves)
MR     .....     Harm     .     (no boots)
Stlth  ++........               (no amulet)
                                u - +1 ring of evasion
                                n - -5 ring of slaying (curse)

@: mighty, manticore barbs, very slightly contaminated, hasted, very quick
A: no striking features
a: no special abilities


You were on level 7 of the Dungeon.
You were not hungry.

You visited 1 branch of the dungeon, and saw 7 of its levels.

You collected 82 gold pieces.

Inventory:

Hand Weapons
 e - a +0 dagger
 f - a +3 falchion of holy wrath (weapon)
Missiles
 i - 3 javelins (quivered)
Armour
 a - a +0 robe (worn)
 g - a +0 helmet (worn)
Jewellery
 n - a cursed -5 ring of slaying (left hand)
 u - a +1 ring of evasion (right hand)
Wands
 h - a wand of polymorph (3/24)
Scrolls
 o - a scroll of fear {unknown}
 s - a scroll of amnesia
Potions
 l - a potion of brilliance {unknown}
 m - a potion of degeneration {unknown}
 p - a potion of flight {unknown}
 q - a potion of lignification {unknown}
 t - a potion of magic {unknown}
Books
 b - a book of Conjurations

   Spells                             Type                      Level
   a - Magic Dart                     Conjuration                  1
   b - Searing Ray                    Conjuration                  2
   c - Dazzling Spray                 Conjuration/Hexes            3
   d - Fulminant Prism                Conjuration/Hexes            4
   e - Iskenderun's Mystic Blast      Conjuration                  4
   f - Iskenderun's Battlesphere      Conjuration/Charms           5
Comestibles
 c - 4 bread rations
 k - a meat ration
 r - a chunk of flesh


   Skills:
 - Level 2.4 Dodging
 - Level 2.4 Stealth
 + Level 5.8 Spellcasting
 * Level 7.7 Conjurations
 + Level 3.8 Charms


You had 5 spell levels left.
You knew the following spells:

 Your Spells              Type           Power        Failure   Level  Hunger
a - Magic Dart            Conj           ####         1%          1    None
b - Searing Ray           Conj           #####.       1%          2    None
c - Iskenderun's Mystic   Conj           #####...     4%          4    ####...
d - Iskenderun's Battles  Conj/Chrm      ####....     28%         5    #####..


Dungeon Overview and Level Annotations

Branches:
Dungeon (7/15)
 Temple: D:4-7

Altars:
Ashenzari
Xom

Annotations:
D:4 PurpleRed's ghost, amateur DECj


Message History

The barbed spikes become lodged in your body.
The steam dragon breathes steam at you. The ball of steam misses you.
You are engulfed in a cloud of scalding steam.
* * * LOW HITPOINT WARNING * * *
The searing ray hits the steam dragon.
You kill the steam dragon!
You have reached level 7!
You finish channeling your searing ray.
You are engulfed in a cloud of scalding steam.
* * * LOW HITPOINT WARNING * * *
You feel yourself speed up.
You are engulfed in a cloud of scalding steam.
* * * LOW HITPOINT WARNING * * *
The scorpion is engulfed in a cloud of scalding steam.
You are very lightly contaminated with residual magic.
It was a potion of might.
You feel very mighty all of a sudden.
You are engulfed in a cloud of scalding steam.
You die...

#......<........#
#............####
###.##.....[...#
#............#
#####.§....(.#
#§......[#
#######§.......#
......§§.......#
....$..@########
......§s#
.......†#
.........
......H..
#######... #...
#....


You could see a manticore (wandering) and a scorpion.

Vanquished Creatures
  A steam dragon (D:7)
  A giant frog (D:6)
  A crimson imp (D:5)
  A hound (D:5)
  2 orc priests (D:5)
  2 orc wizards (D:5)
  A worker ant (D:6)
  A killer bee zombie (D:6)
  A hound zombie (D:5)
  A worker ant zombie (D:5)
  Robin (D:4)
  4 gnolls (D:5)
  An adder (D:5)
  3 giant geckos
  5 orcs (D:5)
  A ball python (D:5)
  A giant cockroach (D:6)
  7 goblins (D:4)
  6 hobgoblins
  6 jackals
  A quokka (D:7)
  2 bats
  2 giant newts (D:1)
  A jackal skeleton (D:5)
  A quokka zombie (D:5)
  A rat (D:1)
55 creatures vanquished.

Notes
Turn   | Place    | Note
-------+----------+-------------------------------------------
     0 | D:1      | PurpleRed the Deep Elf Conjurer began the quest for the Orb.
     0 | D:1      | Reached XP level 1. HP: 10/10 MP: 6/6
   127 | D:2      | Reached XP level 2. HP: 15/15 MP: 1/8
   132 | D:2      | Learned a level 2 spell: Searing Ray
   209 | D:4      | Noticed Robin
   262 | D:4      | Noticed PurpleRed's ghost (amateur DECj)
   320 | D:4      | Killed Robin
   320 | D:4      | Reached skill level 5 in Conjurations
   320 | D:4      | Reached XP level 3. HP: 19/19 MP: 10/10
   375 | D:5      | Entered Level 5 of the Dungeon
   473 | D:4      | Found a shimmering altar of Xom.
   540 | D:5      | Reached XP level 4. HP: 19/24 MP: 3/12
   544 | D:5      | Reached skill level 6 in Conjurations
   547 | D:5      | Reached XP level 5. HP: 21/28 MP: 1/14
   645 | D:7      | Noticed a human
   646 | D:7      | Noticed a human
   659 | D:6      | Learned a level 4 spell: Iskenderun's Mystic Blast
   665 | D:6      | Learned a level 5 spell: Iskenderun's Battlesphere
   921 | D:5      | Reached skill level 1 in Charms
   968 | D:5      | Reached skill level 5 in Spellcasting
   970 | D:5      | Reached XP level 6. HP: 7/32 MP: 3/15
   997 | D:5      | Reached skill level 7 in Conjurations
  1019 | D:5      | Found a shattered altar of Ashenzari.
  1277 | D:7      | Noticed a steam dragon
  1279 | D:7      | Noticed a manticore
  1281 | D:7      | Killed a steam dragon
  1281 | D:7      | Reached XP level 7. HP: 10/36 MP: 12/17
  1283 | D:7      | Engulfed by a cloud of steam

Vault maps used:
D:1:      scummos_arrival_forest
D:2:      grunt_temple_overflow_growth_and_decay, okawaru_gym_becter,
          lemuel_crystal_altar, nicolae_qazlal_style_of_elements
D:3:      kennysheep_goblin_castle, overflow_temple_1_default
D:4:      nicolae_overflow_crystal_walls, first_bread, uniq_robin
D:5:      kennysheep_mini
D:6:      nicolae_ru_the_path_less_chosen, serial_shops, shop,
          kennysheep_minor_cross, corexii_hall_statues_i, minmay_ruined_shrine,
          uniq_prince_ribbit1
D:7:      grunt_livestock, minmay_ruffians

Skill      XL: |  1  2  3  4  5  6 |
---------------+-------------------+-----
Conjurations   | 5 6 7 |  7.7
Spellcasting   | 4 5 |  5.8
Charms         | 2 3 |  3.8
Dodging        | |  2.4
Stealth        | |  2.4

Action                   |  1- 3 |  4- 6 |  7- 9 || total
-------------------------+-------+-------+-------++-------
Melee: Unarmed           |    12 |       |       ||    12
       Falchion          |    18 |    38 |       ||    56
Throw: Javelin           |       |     3 |       ||     3
 Cast: Magic Dart        |    30 |     9 |       ||    39
       Searing Ray       |     1 |     9 |       ||    10
Evoke: Wand              |     1 |       |       ||     1
  Use: Scroll            |     2 |     4 |       ||     6
       Potion            |       |       |     2 ||     2
  Eat: Chunk             |       |     1 |       ||     1
Armor: Robe              |     4 |     7 |       ||    11
       Skin              |     2 |       |       ||     2
Dodge: Dodged            |    19 |    36 |       ||    55
